 Dungeon Crawl Stone Soup version 0.17.0-7-gfadd4cc (console) character file.

162 gw the Cudgeler (level 5, 0/55 HPs)
             Began as an Ogre Berserker on Nov 8, 2015.
             Was a Believer of Trog.
             Succumbed to gw's ghost's sting
             ... on level 3 of the Dungeon.
             The game lasted 00:03:29 (3274 turns).

gw the Cudgeler (Ogre Berserker)                    Turns: 3274, Time: 00:03:29

Health: 0/55       AC:  3    Str: 22    XL:     5   Next: 43%
Magic:  5/5        EV: 10    Int:  6    God:    Trog [**....]
Gold:   109        SH:  0    Dex: 10    Spells: 0 memorised, 4 levels left

rFire  . . .     SeeInvis .     a - +0 mace
rCold  . . .     Clarity  .     f - +0 robe (curse)
rNeg   . . .     SustAt   .     (no shield)
rPois  .         Gourm    .     (helmet restricted)
rElec  .         Spirit   .     (no cloak)
rCorr  .         Warding  .     (gloves unavailable)
rMut   .         Stasis   .     (boots unavailable)
MR     .....                    (no amulet)
Stlth  +.........               (no ring)
                                (no ring)

@: lethally poisoned (0 -> -1), not resistant to hostile enchantments, very
unstealthy
A: unfitting armour, tough skin 1
a: Berserk, Trog's Hand, Burn Spellbooks, Renounce Religion


You were on level 3 of the Dungeon.
You worshipped Trog.
Trog was pleased with you.
You were hungry.

You visited 1 branch of the dungeon, and saw 3 of its levels.

You collected 109 gold pieces.

Inventory:

Hand Weapons
 a - a +0 mace (weapon)
Missiles
 d - 8 poisoned needles
 e - 37 stones (quivered)
Armour
 f - a cursed +0 robe (worn)
Comestibles
 c - a bread ration


   Skills:
 + Level 4.8 Fighting
 * Level 5.7 Maces & Flails
 + Level 1.8 Throwing
 + Level 3.6 Dodging


You had 4 spell levels left.
You didn't know any spells.

Dungeon Overview and Level Annotations

Branches:
Dungeon (3/15)

Altars:


Innate Abilities, Weirdness & Mutations

You are too large for most types of armour.
You have tough skin (AC +1).


Message History

You swing at nothing.
You feel sick.
Unknown command.
Unknown command.
Unknown command.
Unknown command.
ATTACKING (1,-1)
You swing at nothing.
Unknown command.
Unknown command.
Unknown command.
Unknown command.
ATTACKING (1,-1)
You swing at nothing.
Unknown command.
Unknown command.
Unknown command.
Unknown command.
ATTACKING (0,-1)
You swing at nothing.
You die...

#. .......
#..##.(..>..
.###..#<.......
...............
..#####.......$
#...8....
#(.(....(
#........
#O.....#.
###....# ....#
....# ......
..... ....


There were no monsters in sight!

Table legend:
 A = Turns spent in this place as a percentage of turns spent in the entire game.
 B = Non-inter-level travel turns spent in this place as a percentage of non-inter-level travel turns spent in the entire game.
 C = Inter-level travel turns spent in this place as a percentage of turns spent in this place.
 D = Turns resting spent in this place as a percentage of non-inter-level travel turns spent in this place.
 E = Turns spent auto-exploring this place as a percentage of non-inter-level travel turns spent in this place.
 F = Non-inter-level travel turns spent in this place divided by the number of levels of this place that you've seen.
                   A       B       C       D       E      F
               +-------+-------+-------+-------+-------+----------------------
         Total | 100.0 | 100.0 |   0.3 |   0.8 |   1.7 | 1653.7
       Dungeon | 100.0 | 100.0 |   0.3 |   0.8 |   1.7 | 1653.7
               +-------+-------+-------+-------+-------+----------------------

Table legend:
 A = Kills in this place as a percentage of kills in entire the game.
 B = Kills by you in this place as a percentage of kills by you in the entire game.
 C = Kills by friends in this place as a percentage of kills by friends in the entire game.
 D = Other kills in this place as a percentage of other kills in the entire game.
 E = Experience gained in this place as a percentage of experience gained in the entire game.
 F = Experience gained in this place divided by the number of levels of this place that you have seen.
                   A       B       C       D       E      F
               +-------+-------+-------+-------+-------+----------------------
         Total | 100.0 | 100.0 |  -nan |  -nan | 100.0 |  77.3
       Dungeon | 100.0 | 100.0 |  -nan |  -nan | 100.0 |  77.3
               +-------+-------+-------+-------+-------+----------------------

Vanquished Creatures
  The ghost of gw the Stinger, an amateur OpVM (D:3)
  Jessica (D:2)
  An adder (D:2)
  4 worms
  2 giant geckos
  5 hobgoblins
  2 jackals (D:1)
  9 bats
  5 giant newts (D:2)
  4 goblins
  9 kobolds
  4 rats
47 creatures vanquished.

Notes
Turn   | Place    | Note
--------------------------------------------------------------
     0 | D:1      | gw the Ogre Berserker began the quest for the Orb.
     0 | D:1      | Reached XP level 1. HP: 24/24 MP: 1/1
   137 | D:1      | Reached XP level 2. HP: 28/32 MP: 2/2
  1256 | D:1      | Reached XP level 3. HP: 39/39 MP: 3/3
  2116 | D:2      | Noticed Jessica
  2124 | D:2      | Killed Jessica
  2124 | D:2      | Reached ** piety under Trog
  2124 | D:2      | Reached skill level 5 in Maces & Flails
  2124 | D:2      | Reached skill level 1 in Throwing
  2124 | D:2      | Reached XP level 4. HP: 35/49 MP: 4/4
  3230 | D:3      | Noticed gw's ghost (amateur OpVM)
  3257 | D:3      | Killed gw's ghost
  3257 | D:3      | Reached XP level 5. HP: 26/55 MP: 5/5
  3267 | D:3      | HP: 2/55 [poisoned by gw's ghost (sting)]
  3274 | D:3      | Succumbed to gw's ghost's sting

Action                   |  1- 3 |  4- 6 || total
-------------------------+-------+-------++-------
Melee: Mace              |    93 |    54 ||   147
Throw: Stone             |    20 |   111 ||   131
Invok: Trog's Hand       |       |     2 ||     2
  Eat: Chunk             |     4 |     3 ||     7

Vault maps used:
D:1:      dpeg_arrival_round_a, nrook_mini_backslash, feat_on_display
D:2:      serial_forest, infiniplex_forest_lined_2,
          infiniplex_forest_straight_4, infiniplex_forest_corner_1,
          infiniplex_forest_clump_diagonal, infiniplex_forest_corner_1,
          infiniplex_forest_end_2, infiniplex_forest_straight_3,
          infiniplex_forest_end_1, infiniplex_forest_clump_small,
          infiniplex_forest_lined_corner, minmay_strange_pillars,
          minmay_lizard_king, uniq_jessica
D:3:      st_stairs_1, grunt_ministairs_14
